 Dungeon Crawl Stone Soup version 0.31.0-11-ge490571c62 (webtiles) character file.

Game seed: 5065900899988140055

203372 jasper the Metamorph (level 17, -2/187 HPs)
             Began as an Armataur Berserker on Feb 3, 2024.
             Was the Champion of Trog.
             Shot with a sling bullet by a faun (6 damage)
             ... led by a satyr
             ... on level 4 of the Shoals.
             The game lasted 00:57:52 (33153 turns).

jasper the Metamorph (Armataur Berserker)          Turns: 33153, Time: 00:57:53

Health: -2/187     AC: 18    Str: 29    XL:     17   Next: 97%
Magic:  17/17      EV: 19    Int:  9    God:    Trog [******]
Gold:   2124       SH:  0    Dex: 15    Spells: 16/16 levels left

rFire   . .          .
                       - Unarmed
rCold   + . .        (shield currently unavailable)
rNeg    . . .        n - melded +1 robe of the Shishi {Str+2 Dex+4}
rPois   +            W - melded +0 helmet
rElec   .            U - melded +1 cloak of the Ward {Rampage rF+}
rCorr   .            u - melded +0 pair of gloves
SInv    .            y - melded +0 barding {rF+}
Will    +++..        x - amulet of Vitality {RegenMP++ Regen++}
Stlth   +            i - +4 ring of protection
HPRegen 5.71/turn    G - +5 ring of evasion
MPRegen 2.27/turn

%: roll
@: lit by a corona, snake-form, strong-willed, mesmerised, regenerating, glowing
A: constrict, boosted hp, large, (deformed body), (tough skin 3), (armoured
tail), roll 2
}: 1/15 runes: serpentine
a: Begin Untransformation, Renounce Religion, Evoke Blink, Berserk, Trog's Hand,
Brothers in Arms


You were on level 4 of the Shoals.
You worshipped Trog.
Trog was exalted by your worship.
You were an enormous serpent.
You visited 5 branches of the dungeon, and saw 30 of its levels.
You also visited: Sewer and Volcano.

You collected 3028 gold pieces.
You spent 904 gold pieces at shops.

Inventory:

Missiles
 f - 6 datura-tipped darts
 g - 4 throwing nets
 r - 36 boomerangs
Armour
 n - the +1 robe of the Shishi (melded) {Str+2 Dex+4}
   (You bought it in a shop on level 7 of the Dungeon)

   Str+2:     It affects your strength (+2).
   Dex+4:     It affects your dexterity (+4).
 t - a +2 buckler
 u - a +0 pair of gloves (melded)
 y - a +0 barding of fire resistance (melded)
 P - the +5 tower shield "Epnadgheni" {rPois}
   (You took it off Louise on level 4 of the Snake Pit)

   rPois:     It protects you from poison
 U - the +1 cloak of the Ward (melded) {Rampage rF+}
   (You bought it in a shop on level 2 of the Orcish Mines)

   rF+:       It protects you from fire.
   Rampage:   It bestows one free step when moving towards enemies.
 W - a +0 helmet (melded)
Jewellery
 a - a ring of flight
 i - a +4 ring of protection (left hand)
 j - the ring of Hawedom {rPois MP+9 Str+3}
   (You acquired it on level 3 of the Dungeon)

   [ring of poison resistance]

   Str+3:     It affects your strength (+3).
   rPois:     It protects you from poison MP+9: It affects your magic capacity
   (+9).
 x - the amulet of Vitality (around neck) {RegenMP++ Regen++}
   (You found it on level 5 of the Lair of Beasts)

   [amulet of magic regeneration]

   RegenMP:   It increases your rate of magic regeneration.
   Regen++:   It increases your rate of health regeneration.
 G - a +5 ring of evasion (right hand)
 M - a +5 ring of evasion
 O - a ring of willpower
 S - a ring of ice
Talismans
 R - the serpent talisman of the Falcon (active) {+Blink rC+}
   (You took it off Aizul on level 4 of the Snake Pit)

   [serpent talisman]

   rC+:       It protects you from cold.
   +Blink:    It lets you blink.
Wands
 l - a wand of flame (51)
 v - a wand of charming (47)
 B - a wand of iceblast (14)
 I - a wand of acid (3)
 Q - a wand of polymorph (10)
 V - a wand of mindburst (19)
Scrolls
 h - 4 scrolls of fear
 m - a scroll of blinking
 q - a scroll of vulnerability
 w - 3 scrolls of fog
 E - 2 scrolls of poison
 F - 8 scrolls of teleportation
 H - 2 scrolls of torment
 J - 2 scrolls of enchant armour
 T - 7 scrolls of identify
 Y - 4 scrolls of immolation
Potions
 c - a potion of heal wounds
 e - a potion of invisibility
 k - a potion of cancellation
 o - 2 potions of attraction
 p - 3 potions of enlightenment
 s - 15 potions of curing
 z - 5 potions of lignification
 A - 7 potions of brilliance
 C - 7 potions of magic
 D - 2 potions of berserk rage
 K - 2 potions of ambrosia
 L - 7 potions of haste
 N - 2 potions of mutation
 X - a potion of might
Miscellaneous
 b - a lightning rod (4/4)
 d - a phial of floods


   Skills:
 - Level 15.0 Fighting
 - Level 2.4 Armour
 - Level 10.0 Dodging
 - Level 15.0 Unarmed Combat
 - Level 5.0 Evocations
 + Level 17.7 Shapeshifting


You had 16 spell levels left.
You didn't know any spells.
Your spell library was empty.

Dungeon Overview and Level Annotations

Branches:
Dungeon (15/15)            Temple (0/1) D:6            Lair (5/5) D:10
 Shoals (4/4) Lair:3        Snake (4/4) Lair:2        Slime (0/5) Lair:5
    Orc (2/2) D:9             Elf (0/3) Orc:2        Vaults (0/5) D:13
 Depths (0/4) D:15          Sewer (visited)         Volcano (visited)

Altars:
Cheibriados
Dithmenos
Fedhas
Gozag
Kikubaaqudgha
Nemelex Xobeh
Okawaru
Qazlal
Sif Muna
Trog
Uskayaw
Vehumet
Xom
Yredelemnul
Zin

Shops:
D:7 [   D:14 *((:   Orc:1 !   Orc:2 (*[([

Annotations:
D:3 3 runed translucent doors, pigah's ghost, amateur FoHu
D:14 1 runed translucent door, Cofimnas's ghost, journeyman FoFi
Shoals:2 1 runed translucent door, Ettath's ghost, journeyman HOFi
Shoals:3 1 runed translucent door
Snake:1 3 runed translucent doors, Mesuenwa's ghost, adept DEHW; Sagen's ghost, adept DrCj; Wineib's ghost, adept GnHW; Xitaol's ghost, adept SpEn; becking's ghost, journeyman MiFi
Snake:2 3 transporters, Geaqoff's ghost, journeyman VSCj
Snake:3 Vashnia
Snake:4 exclusion: upstairs
Orc:1 exclusion: downstairs


Innate Abilities, Weirdness & Mutations

You are an enormous serpent.
You have a powerful constriction melee attack.
Your maximum health is increased.
Your armour is entirely melded.
You are incapable of wielding weapons or throwing items.
((Armour fits poorly on your strangely shaped body.))
((You have extremely tough skin. (AC +3)))
((You have a long armoured tail.))
You regenerate magic and health when rolling toward enemies. (Rampage Regen)


Message History

The merfolk impaler misses you.
You body-slam the merfolk impaler!!
The merfolk impaler is severely wounded.
You constrict the merfolk impaler. The merfolk impaler barely misses you.
Your skin crawls.
You feel strong-willed.
You constrict the merfolk impaler.
The merfolk impaler hits you with a +0 trident!!
The faun shoots a sling bullet.
The sling bullet hits you but does no damage.
The merfolk siren chants its luring song.
The merfolk impaler closely misses you.
You crush the merfolk impaler!!!
You kill the merfolk impaler!
Trog accepts your kill.
You hear a splash. x2
The satyr shoots an arrow.
The arrow hits you!!
The faun shoots a sling bullet.
The sling bullet misses you.
The merfolk siren chants its luring song.
You roll towards the faun!
The faun shoots a sling bullet.
The sling bullet misses you.
The satyr shoots an arrow.
The arrow hits you!!
* * * LOW HITPOINT WARNING * * *
The faun shoots a sling bullet.
The sling bullet closely misses you.
The merfolk siren chants its luring song.
You roll towards the faun!
The faun unwields a +0 sling.
The faun wields a +0 club.
The faun splashes around in the water.
The satyr shoots an arrow.
The arrow hits you!
* * * LOW HITPOINT WARNING * * *
The faun gestures at you while chanting.
You are outlined in light.
The merfolk siren chants its luring song.
The faun unwields a +0 sling.
The faun wields a +0 club.
The faun hits you with a +0 club!!
* * * LOW HITPOINT WARNING * * *
You feel much better.
You feel your willpower return.
The satyr shoots an arrow.
The arrow hits you!!
* * * LOW HITPOINT WARNING * * *
The faun misses you.
The faun shoots a sling bullet.
The sling bullet hits you.
You die...

#≈≈≈≈≈≈≈≈≈~
#≈≈≈≈≈≈≈≈≈~~~
#≈≈≈≈≈≈≈≈≈~~~
#≈≈≈≈≈≈≈≈~~~~
#≈≈≈≈≈≈≈~~~~~
#≈≈≈≈≈≈≈~~~..
#≈≈≈≈≈≈~~~~..
#≈≈≈≈≈c~~~~..
#≈≈≈≈Sc~~~..#
#≈≈≈≈≈cm...##
#≈≈≈≈≈c~~..#
#≈≈≈≈≈~~~~...
#≈≈≈≈≈≈~~~~..
#≈≈≈≈≈≈≈~~~~~
#≈≈≈≈≈≈≈≈~~~~
#≈≈≈≈≈≈≈≈≈~~~
#≈≈≈≈≈≈≈≈≈≈≈


You could see a satyr, 3 fauns and a merfolk siren (mesmerising).

Vanquished Creatures
  4 nagarajas
  Aizul (Snake:4)
  A fenstrider witch (Shoals:1)
  Louise (Snake:4)
  A stone giant (D:15)
  Nessos (D:14)
  A dire elephant (Lair:4)
  Azrael (D:14)
  Josephine (D:12)
  An ettin (D:13)
  2 merfolk javelineers (Shoals:3)
  4 merfolk impalers
  3 salamander tyrants
  Erolcha (D:11)
  4 ogre magi (Orc:2)
  5 hydras
  2 catoblepae (Lair:5)
  8 centaur warriors
  Fannar (D:12)
  2 merfolk avatars (Shoals:3)
  8 anacondas
  A merfolk aquamancer (Shoals:4)
  18 two-headed ogres
  4 satyrs
  A deep troll shaman (Lair:5)
  11 naga warriors
  8 death yaks
  2 tengu warriors (D:15)
  16 naga sharpshooters
  8 shock serpents
  3 skysharks
  Amaemon (Lair:1)
  3 fire crabs
  5 skeletal warriors (D:14)
  12 sea snakes
  A spectral anaconda (Snake:2)
  13 mana vipers
  6 naga ritualists
  An orc knight (D:14)
  Pikel (D:5)
  5 harpies
  A lindwurm (Lair:4)
  A deep elf archer (D:15)
  An oklob plant (D:10)
  10 ugly things
  23 elephants
  A cyclops (Shoals:2)
  23 fauns
  11 manticores
  9 salamanders
  Maurice (Orc:1)
  30 black mambas
  A meliai (shapeshifter) (D:13)
  2 kobold blastminers
  8 merfolk sirens
  A water nymph (Shoals:4)
  An orange demon (Lair:1)
  9 naga magi
  12 cane toads
  4 rime drakes
  A spectral sea snake (Snake:2)
  9 komodo dragons
  A tengu conjurer (D:14)
  An anaconda simulacrum (Snake:2)
  3 kobold demonologists
  8 trolls
  3 polar bears
  2 sea snake skeletons (Snake:2)
  23 merfolk
  3 spectral guardian serpents (Snake:2)
  2 hornets
  3 wind drakes
  A hornet (shapeshifter) (D:13)
  A raiju (shapeshifter) (D:13)
  9 dream sheep
  18 blink frogs
  7 snapping turtles
  11 slime creatures
  Sigmund (D:3)
  5 wraiths
  A guardian serpent skeleton (Snake:2)
  3 shadows
  5 fire elementals (D:14)
  4 water elementals
  31 yaks
  A sea snake simulacrum (Snake:2)
  4 basilisks
  3 wargs
  3 wyverns
  5 steam dragons
  2 acid dragons
  Duvessa (D:7)
  44 nagas
  23 water moccasins
  4 hell hounds
  2 guardian serpent simulacra (Snake:2)
  11 orc warriors
  5 black bears
  6 ice beasts
  A sky beast (D:6)
  24 ogres
  9 wolves
  19 centaurs
  A phantom (D:7)
  3 kobold brigands
  A lemure (D:5)
  13 bullfrogs
  A gnoll sergeant (D:12)
  A scorpion (D:5)
  2 naga simulacra (Snake:2)
  4 wights (D:8)
  Dowan (D:7)
  4 spectral nagas (Snake:2)
  12 killer bees
  7 howler monkeys
  4 electric eels
  A bombardier beetle (D:5)
  11 orc priests
  A hound (D:5)
  6 jellies
  A gnoll bouda (D:5)
  A sleepcap (D:4)
  Jessica (D:2)
  Ijyb (D:5)
  Terence (D:3)
  An iguana (D:6)
  Natasha (twice) (D:2)
  23 orc wizards
  2 naga skeletons (Snake:2)
  18 gnolls
  25 adders
  A shadow imp (D:5)
  10 ufetubi
  5 ribbon worms
  13 dart slugs
  50 orcs
  5 bats (D:2)
  9 endoplasms
  17 giant cockroaches
  5 goblins
  6 hobgoblins
  2 jackals (D:3)
  4 quokkas
  11 ball pythons
  9 frilled lizards
  10 kobolds
  9 rats
960 creatures vanquished.

Vanquished Creatures (collateral kills)
  Jorgrun (D:12)
  An anaconda (Snake:4)
  2 slime creatures (D:12)
  2 orcs (D:8)
6 creatures vanquished.

Vanquished Creatures (others)
  A salamander (Snake:1)
  A water nymph (Shoals:1)
2 creatures vanquished.

Grand Total: 968 creatures vanquished

Notes
Turn   | Place    | Note
-------+----------+-------------------------------------------
     0 | D:1      | jasper the Armataur Berserker began the quest for the Orb.
     0 | D:1      | Reached XP level 1. HP: 18/18 MP: 1/1
   150 | D:1      | Reached XP level 2. HP: 21/25 MP: 2/2
   636 | D:1      | Reached ** piety under Trog
   637 | D:1      | Reached XP level 3. HP: 31/31 MP: 3/3
   988 | D:2      | Found a faded altar of an unknown god.
  1114 | D:2      | Reached XP level 4. HP: 38/38 MP: 4/4
  1355 | D:2      | Noticed Natasha
  1365 | D:2      | Killed Natasha
  1481 | D:2      | Noticed Jessica
  1485 | D:2      | Killed Jessica
  1486 | D:2      | Reached XP level 5. HP: 44/46 MP: 5/5
  1690 | D:2      | Noticed Natasha
  1694 | D:2      | Killed Natasha
  2068 | D:3      | Noticed Terence
  2080 | D:3      | Killed Terence
  2174 | D:3      | Reached skill level 5 in Unarmed Combat
  2282 | D:3      | Found a glowing drain.
  2292 | D:3      | Noticed Sigmund
  2309 | D:3      | Killed Sigmund
  2310 | D:3      | Reached XP level 6. HP: 34/53 MP: 6/6
  2427 | Sewer    | Entered a sewer
  2729 | Sewer    | Reached *** piety under Trog
  2833 | Sewer    | Gained mutation: You regenerate magic and health when
                  | rolling toward enemies. (Rampage Regen) [Armataur growth]
  2833 | Sewer    | Reached XP level 7. HP: 60/60 MP: 7/7
  2847 | Sewer    | Reached skill level 5 in Fighting
  2938 | D:3      | Found a runed translucent gate.
  2940 | D:3      | Found a runed translucent gate.
  2941 | D:3      | Found a runed translucent gate.
  3285 | D:3      | Identified a scroll of acquirement
  3285 | D:3      | Acquired the ring of Hawedom {rPois MP+9 Str+3}
  3387 | D:3      | Found a blossoming altar of Fedhas.
  3632 | D:3      | Noticed pigah's ghost (amateur FoHu)
  3834 | D:4      | Identified the +1 ring mail of Quladwoc {Regen+}
  4451 | D:5      | Entered Level 5 of the Dungeon
  4611 | D:5      | Reached **** piety under Trog
  4614 | D:5      | Reached XP level 8. HP: 69/69 MP: 8/8
  4900 | D:5      | Noticed Pikel
  4919 | D:5      | Killed Pikel
  5127 | D:5      | Noticed Ijyb
  5140 | D:5      | Killed Ijyb
  5431 | D:6      | Found a staircase to the Ecumenical Temple.
  5577 | D:6      | Reached XP level 9. HP: 78/78 MP: 9/9
  5644 | D:6      | Found a shadowy altar of Dithmenos.
  5668 | D:6      | Found a hide-covered altar of Uskayaw.
  5668 | D:6      | Found a snail-covered altar of Cheibriados.
  5668 | D:6      | Found a basalt altar of Yredelemnul.
  5670 | D:6      | Found a radiant altar of Vehumet.
  5670 | D:6      | Found a stormy altar of Qazlal.
  5670 | D:6      | Found a shimmering altar of Xom.
  5670 | D:6      | Found an opulent altar of Gozag.
  5670 | D:6      | Found a glowing silver altar of Zin.
  5672 | D:6      | Found a sparkling altar of Nemelex Xobeh.
  5672 | D:6      | Found a bloodstained altar of Trog.
  5672 | D:6      | Found an ancient bone altar of Kikubaaqudgha.
  6420 | D:7      | Reached skill level 10 in Unarmed Combat
  6665 | D:7      | Found Otuloyr's Antique Armour Emporium.
  6711 | D:7      | Bought a transparent robe for 176 gold pieces
  6711 | D:7      | Identified the +1 robe of the Shishi {Str+2 Dex+4} (You
                  | bought it in a shop on level 7 of the Dungeon)
  7053 | D:7      | Noticed Dowan
  7054 | D:7      | Noticed Duvessa
  7058 | D:7      | Killed Dowan
  7065 | D:7      | Killed Duvessa
  7552 | D:8      | Reached XP level 10. HP: 82/88 MP: 10/10
  8083 | D:9      | Found a staircase to the Orcish Mines.
  9047 | D:9      | Reached skill level 10 in Fighting
  9055 | D:9      | Reached skill level 1 in Evocations
  9325 | D:10     | Entered Level 10 of the Dungeon
  9347 | D:10     | Noticed a two-headed ogre
  9355 | D:10     | Killed a two-headed ogre
  9547 | D:10     | Reached XP level 11. HP: 76/99 MP: 11/11
  9648 | D:10     | Noticed an oklob plant
  9679 | D:10     | Found a staircase to the Lair.
  9825 | D:10     | Reached skill level 5 in Evocations
  9830 | D:10     | Reached skill level 1 in Shapeshifting
 10199 | D:10     | Reached skill level 2 in Shapeshifting
 10534 | D:11     | Noticed Erolcha
 10660 | D:11     | Killed Erolcha
 10661 | D:11     | Reached skill level 3 in Shapeshifting
 10695 | D:11     | Noticed a two-headed ogre
 10711 | D:11     | Killed a two-headed ogre
 10712 | D:11     | Reached skill level 4 in Shapeshifting
 11171 | D:11     | Identified the +0 tower shield of Latwis {Will+ MP+9}
 11579 | D:12     | Reached skill level 5 in Shapeshifting
 11585 | D:12     | Noticed Fannar
 11749 | Orc:1    | Entered Level 1 of the Orcish Mines
 12342 | Orc:2    | Entered Level 2 of the Orcish Mines
 12370 | Orc:2    | Reached skill level 6 in Shapeshifting
 12546 | Orc:2    | Found Juuduor's Armour Shoppe.
 12553 | Orc:2    | Bought a +0 pair of gloves for 49 gold pieces
 12584 | Orc:2    | Found a staircase to the Elven Halls.
 13112 | Orc:1    | Noticed Maurice
 13132 | Orc:1    | Killed Maurice
 13133 | Orc:1    | Reached skill level 7 in Shapeshifting
 13296 | Orc:1    | Found Esukh's Distillery.
 13319 | Orc:1    | Bought a potion of enlightenment for 75 gold pieces
 13319 | Orc:1    | Bought a potion of magic for 120 gold pieces
 13319 | Orc:1    | Bought a potion of curing for 45 gold pieces
 13319 | Orc:1    | Bought a potion of curing for 45 gold pieces
 13458 | Orc:2    | Noticed a two-headed ogre
 13458 | Orc:2    | Noticed a two-headed ogre
 13459 | Orc:2    | Found Gofyont's Assorted Antiques.
 13459 | Orc:2    | Found Ununutin's Antique Weapon Shoppe.
 13459 | Orc:2    | Found Rydwies's Antique Weapon Emporium.
 13459 | Orc:2    | Found Ucios's Antique Armour Shop.
 13459 | Orc:2    | Noticed a two-headed ogre
 13459 | Orc:2    | Noticed a two-headed ogre
 13459 | Orc:2    | Noticed a two-headed ogre
 13459 | Orc:2    | Noticed a two-headed ogre
 13459 | Orc:2    | Noticed an ogre mage
 13459 | Orc:2    | Noticed an ogre mage
 13459 | Orc:2    | Noticed an ogre mage
 13459 | Orc:2    | Noticed an ogre mage
 13459 | Orc:2    | Noticed a two-headed ogre
 13459 | Orc:2    | Noticed a two-headed ogre
 13459 | Orc:2    | Noticed a two-headed ogre
 13460 | Orc:2    | Noticed a two-headed ogre
 13460 | Orc:2    | Noticed a two-headed ogre
 13460 | Orc:2    | Noticed a two-headed ogre
 13460 | Orc:2    | Noticed a two-headed ogre
 13550 | D:10     | Killed an oklob plant
 13586 | Lair:1   | Entered Level 1 of the Lair of Beasts
 13854 | Lair:1   | Reached skill level 8 in Shapeshifting
 13960 | Lair:1   | Reached XP level 12. HP: 103/106 MP: 12/12
 14093 | Lair:1   | Reached skill level 9 in Shapeshifting
 14263 | Lair:1   | Noticed Amaemon
 14276 | Lair:1   | Killed Amaemon
 14379 | Lair:1   | Identified the +7 shortbow "Boagimo" {drain, +Blink rF+
                  | rCorr}
 14850 | Lair:2   | Reached skill level 10 in Shapeshifting
 15435 | Lair:2   | Found a staircase to the Snake Pit.
 15442 | Lair:2   | Reached ***** piety under Trog
 16359 | Lair:3   | Reached XP level 13. HP: 114/114 MP: 13/13
 16665 | Lair:3   | Reached skill level 5 in Dodging
 16987 | Lair:3   | Found a staircase to the Shoals.
 17040 | Lair:3   | Found an opulent altar of Gozag.
 18407 | Lair:4   | Found a runed translucent door.
 18431 | Lair:4   | Noticed a dire elephant
 18737 | Lair:4   | Killed a dire elephant
 18951 | Lair:4   | Identified the +9 quarterstaff "Elaeherr" {vamp, Dex+3}
 19017 | Lair:5   | Entered Level 5 of the Lair of Beasts
 19054 | Lair:5   | Found a dark tunnel.
 19066 | Volcano  | Entered a volcano
 19751 | Lair:5   | Found a staircase to the Slime Pits.
 20098 | Lair:5   | Reached XP level 14. HP: 122/122 MP: 14/14
 20287 | Lair:5   | Reached skill level 10 in Dodging
 20373 | Lair:5   | Found the amulet of Vitality {RegenMP++ Regen++}
 21519 | Orc:2    | Reached ****** piety under Trog
 21519 | Orc:2    | Paralysed by an ogre mage for 2 turns
 21576 | Orc:2    | Paralysed by something for 2 turns
 21594 | Orc:2    | Received a gift from Trog
 21781 | Orc:2    | Bought a shimmering cloak for 304 gold pieces
 21781 | Orc:2    | Identified the +1 cloak of the Ward {Rampage rF+} (You
                  | bought it in a shop on level 2 of the Orcish Mines)
 22087 | D:12     | Noticed Josephine
 22094 | D:12     | Killed Josephine
 22106 | D:12     | Killed Fannar
 22196 | D:12     | Noticed Jorgrun
 22218 | D:12     | Killed Jorgrun
 22219 | D:12     | Reached XP level 15. HP: 108/134 MP: 15/15
 22315 | D:12     | Received a gift from Trog
 23509 | D:13     | Found a gate to the Vaults.
 23606 | D:14     | Found Evuamaj's Antique Weapon Shoppe.
 23648 | D:14     | Reached skill level 15 in Unarmed Combat
 23847 | D:14     | Found an iron altar of Okawaru.
 23890 | D:14     | Found Emair's Book Boutique.
 24097 | D:14     | Found Keume's Assorted Antiques.
 24101 | D:14     | Received a gift from Trog
 24278 | D:14     | Bought a potion of curing for 90 gold pieces
 24476 | D:14     | Found a runed translucent door.
 24477 | D:14     | Found a shimmering altar of Xom.
 24477 | D:14     | Noticed Cofimnas's ghost (journeyman FoFi)
 24477 | D:14     | Identified the +7 war axe of Exask {chaos, rF- rN+ Will+
                  | MP+9}
 24482 | D:14     | Found Zaarheps's Antique Weapon Shoppe.
 24517 | D:14     | Noticed Azrael
 24535 | D:14     | Killed Azrael
 24644 | D:14     | Noticed Nessos
 24651 | D:14     | Killed Nessos
 24738 | D:15     | Entered Level 15 of the Dungeon
 25211 | D:15     | Found a shimmering blue altar of Sif Muna.
 25404 | D:15     | Found a staircase to the Depths.
 25667 | Snake:1  | Entered Level 1 of the Snake Pit
 25722 | Snake:1  | Reached skill level 15 in Fighting
 26091 | Snake:1  | Reached skill level 11 in Shapeshifting
 26102 | Snake:1  | HP: 6/169 [naga sharpshooter/arrow (19)]
 26105 | Snake:1  | Found a runed translucent gate.
 26106 | Snake:1  | Found a runed translucent gate.
 26107 | Snake:1  | Found a runed translucent gate.
 26108 | Snake:1  | Noticed Sagen's ghost (adept DrCj)
 26108 | Snake:1  | Noticed becking's ghost (journeyman MiFi)
 26108 | Snake:1  | Noticed Xitaol's ghost (adept SpEn)
 26108 | Snake:1  | Noticed Wineib's ghost (adept GnHW)
 26110 | Snake:1  | Noticed Mesuenwa's ghost (adept DEHW)
 26222 | Snake:1  | Reached XP level 16. HP: 149/149 MP: 16/16
 26928 | Snake:2  | Received a gift from Trog
 27033 | Snake:2  | You fall into a shaft and drop 1 floor!
 27210 | Snake:2  | Reached skill level 12 in Shapeshifting
 27340 | Snake:2  | Found a transporter.
 27342 | Snake:2  | Found a shimmering blue altar of Sif Muna.
 27684 | Snake:2  | Found a transporter.
 27687 | Snake:2  | Noticed Geaqoff's ghost (journeyman VSCj)
 27722 | Snake:2  | Found a transporter.
 28432 | Snake:3  | Received a gift from Trog
 28449 | Snake:3  | Reached skill level 13 in Shapeshifting
 28518 | Snake:3  | Noticed Vashnia
 28521 | Snake:4  | Entered Level 4 of the Snake Pit
 28580 | Snake:4  | Identified the +5 tower shield "Epnadgheni" {rPois}
 28580 | Snake:4  | Noticed Louise
 28596 | Snake:4  | Killed Louise
 28869 | Snake:4  | Reached skill level 14 in Shapeshifting
 28915 | Snake:3  | Identified the serpent talisman of the Falcon {+Blink rC+}
 28915 | Snake:3  | Noticed Aizul
 29148 | Snake:4  | Received a gift from Trog
 29154 | Snake:4  | HP: 8/267 [salamander/+0 halberd (9)]
 29262 | Snake:4  | Reached XP level 17. HP: 156/156 MP: 17/17
 29344 | Snake:4  | Reached skill level 15 in Shapeshifting
 29512 | Snake:4  | Got a serpentine rune of Zot
 29628 | Snake:4  | Killed Aizul
 29795 | Shoals:1 | Entered Level 1 of the Shoals
 30419 | Shoals:1 | Reached skill level 16 in Shapeshifting
 30809 | Shoals:2 | Received a gift from Trog
 31011 | Shoals:2 | Found a runed translucent door.
 31643 | Shoals:2 | Found a shimmering altar of Xom.
 31643 | Shoals:2 | Noticed Ettath's ghost (journeyman HOFi)
 32065 | Shoals:3 | Reached skill level 17 in Shapeshifting
 32177 | Shoals:3 | Found a runed translucent door.
 32750 | Shoals:4 | Entered Level 4 of the Shoals
 33153 | Shoals:4 | HP: 4/187 [satyr/arrow (33)]
 33153 | Shoals:4 | Shot with a sling bullet by a faun

Illustrated notes

Levels and vault maps discovered:
D:1:      dpeg_arrival_rooms_with_view, layout_loops_ring, chequers_jeans
D:2:      layout_loops_ring, nicolae_ecumenical_pavilion, uniq_natasha,
          uniq_jessica
D:3:      layout_basic, old_standard_altar, gup_sewer_entry_glass,
          gammafunk_ghost_icy, nicolae_wormholes, uniq_terence, uniq_sigmund
D:4:      layout_loops_ring, minmay_bisected
D:5:      layout_gridville, uniq_ijyb, uniq_pikel
D:6:      layout_loops_corners, nicolae_overflows_in_rows,
          minmay_temple_entry_grid, serial_demonic, serial_demonic_f,
          serial_demonic_g, serial_demonic_b, serial_demonic_f
D:7:      layout_loops_ring, serial_shops, nicolae_stop_n_shop_2,
          kennysheep_generic_room_10, uniq_duvessa
D:8:      layout_gridville
D:9:      layout_grid_maze, erik_orc_4
D:10:     layout_basic, dpeg_oklobed_lair
D:11:     layout_stronghold, uniq_erolcha
D:12:     layout_rooms, portal_ice_cave_rime, minivault_27, uniq_fannar,
          uniq_josephine, uniq_jorgrun
D:13:     layout_loops_corners, david_vaults_4
D:14:     layout_long_grid, minmay_misc_feat_rugged, ebering_ghost_xom,
          serial_shops, nicolae_shop_hallway_plus, shop, shop, shop,
          minivault_22, okawaru_metal_pillars_3, uniq_azrael, uniq_nessos
D:15:     grunt_enter_depths_snipers, layout_small_grid, led_sif_pool,
          minmay_microvault
Lair:1:   layout_gridlike, grunt_forest_small_clearing_treed,
          grunt_megastairs_4, uniq_amaemon
Lair:2:   layout_regular_city, minmay_snake_entry_guardpost_medium
Lair:3:   lemuel_reptile_caves, layout_gridlike, shoals_dummy_entry,
          serial_forest, infiniplex_forest_lined_3,
          infiniplex_forest_clump_diagonal, infiniplex_forest_straight_2,
          infiniplex_forest_side_room, infiniplex_forest_end_2,
          infiniplex_forest_straight_2, infiniplex_forest_end_2,
          infiniplex_forest_clump_small, basic_altar
Lair:4:   gammafunk_lair_enchanted_lake, layout_misc_corridors, serial_rivers,
          chequers_serial_rivers_micro_a, chequers_serial_rivers_small_a,
          chequers_serial_rivers_large_b, chequers_serial_rivers_micro_b,
          chequers_serial_rivers_micro_a
Lair:5:   grunt_lair_end_beastmaster, layout_long_grid,
          nicolae_slime_entry_field_trip, enter_volcano_1
Shoals:1: layout_shoals, nicolae_shoals_beach_house_on_fowls_legs
Shoals:2: cheibrodos_shoals_satyrical_garden, layout_shoals, ebering_ghost_xom,
          nicolae_shoals_circle_sea_wall, nicolae_shoals_shepherds
Shoals:3: nicolae_shoals_offshore_bank_account, layout_shoals
Shoals:4: shoals_end_grunt_garden, layout_shoals, lemuel_oklob_altar
Snake:1:  layout_onion_interference, gammafunk_ghost_cemetery
Snake:2:  gammafunk_sealed_library, layout_onion_interference,
          gammafunk_ghost_berserking_beasts, st_stairs_1, grunt_ministairs_6,
          drop_trap, nicolae_snake_the_dead_are_slithering, lemuel_fruit_tree
Snake:3:  layout_honeycomb, uniq_vashnia, uniq_aizul
Snake:4:  minmay_snake_end_coiled, layout_rooms, uniq_louise
Orc:1:    layout_caves, serial_shops, nicolae_shop_tiny_statue_garden,
          uniq_maurice
Orc:2:    st_orc_ogre_mass, layout_diamond_mine, serial_shops, shop

Skill      XL: |  1  2  3  4  5  6  7  8  9 10 11 12 13 14 15 16 17 |
---------------+----------------------------------------------------+-----
Unarmed Combat | 3 4 5 6 7 9 11 12 14 15 | 15.0
Fighting       | 3 4 5 6 8 10 12 15 | 15.0
Evocations     | 4 5 |  5.0
Shapeshifting  | 8 10 11 14 17 | 17.7
Dodging        | 4 9 10 | 10.0
Armour         | |  2.4

Action                     |  1- 3 |  4- 6 |  7- 9 | 10-12 | 13-15 | 16-18 || total
---------------------------+-------+-------+-------+-------+-------+-------++-------
  Melee: Unarmed           |   112 |   172 |   342 |   614 |   963 |   948 ||  3151
         Tailslap          |     8 |    17 |    42 |    93 |       |       ||   160
         Punch             |     3 |     5 |    14 |    33 |       |       ||    55
         Constrict         |       |       |       |    31 |   188 |   219 ||   438
  Throw: Stone             |       |       |       |     5 |       |       ||     5
 Invoke: Berserk           |     2 |     8 |    14 |    19 |     9 |     4 ||    56
         Trog's Hand       |       |     1 |     1 |     8 |     3 |    11 ||    24
         Brothers in Arms  |       |       |       |     1 |     1 |     1 ||     3
Ability: Begin Untransform |       |       |       |       |       |     1 ||     1
  Evoke: Wand              |       |       |       |     1 |       |       ||     1
    Use: Scroll            |       |     2 |    13 |    10 |     7 |     3 ||    35
         Potion            |       |       |       |     1 |     4 |     2 ||     7
   Stab: Sleeping          |       |       |     1 |     2 |     2 |       ||     5
         Distracted        |       |       |       |     2 |     2 |       ||     4
         Petrified         |       |       |       |       |     3 |       ||     3
 Armour: Leather armour    |    60 |   114 |    23 |       |       |       ||   197
         Animal skin       |     1 |       |       |       |       |       ||     1
         Ring mail         |       |       |   220 |       |       |       ||   220
         Robe              |       |       |    30 |   338 |       |       ||   368
         Skin              |       |       |       |    77 |   614 |   718 ||  1409
  Dodge: Dodged            |    26 |    73 |   136 |   292 |   726 |   776 ||  2029
   Form: Serpent           |       |       |       |     1 |       |     1 ||     2
